 Dungeon Crawl Stone Soup version 0.31-a0-232-gb1c03b2570 (webtiles) character file.

Game seed: 14938312473402791569

44 qw the Shooter (level 3, -1/21 HPs)
             Began as a Gargoyle Hexslinger on July 7, 2023.
             Slain by Natasha (2 damage)
             ... on level 2 of the Dungeon.
             The game lasted 00:00:25 (816 turns).

qw the Shooter (Gargoyle Hexslinger)                 Turns: 816, Time: 00:00:25

Health: -1/21      AC:  5    Str: 11    XL:     3   Next: 62%
Magic:  4/4        EV: 12    Int: 13    God:
Gold:   48         SH:  0    Dex: 14    Spells: 3/4 levels left

rFire   . . .        Y - +1 sling
rCold   . . .        (no shield)
rNeg    + . .        c - +0 robe
rPois   inf          (no helmet)
rElec   +            (no cloak)
rCorr   .            (no gloves)
SInv    .            (no boots)
Will    .....        (no amulet)
Stlth   +            (no ring)
HPRegen 0.23/turn    (no ring)
MPRegen 0.09/turn

%: no passive effects
@: no status effects
A: sickness immunity, AC +3, negative energy resistance 1, electricity
resistance, torment resistance 1, petrification resistance
a: no special abilities


You were on level 2 of the Dungeon.
You visited 1 branch of the dungeon, and saw 2 of its levels.

You collected 48 gold pieces.


Innate Abilities, Weirdness & Mutations

You are immune to sickness and miasma.
Your stone body is resilient. (AC +3)
You are immune to poison.
You resist negative energy. (rN+)
You are resistant to electric shocks. (rElec)
You are resistant to unholy torment.
You are immune to petrification.


   Skills:
 - Level 2.0 Fighting
 + Level 3.5 Ranged Weapons
 - Level 1.5 Dodging
 - Level 1.0 Spellcasting
 - Level 2.6 Hexes


You had 3 spell levels left.
You knew the following spells:

 Your Spells              Type           Power      Damage    Failure   Level
a - Slow                  Hex            28%        N/A       10%         1

Your spell library contained the following spells:

 Spells                   Type           Power      Damage    Failure   Level
 Inner Flame              Hex/Fire       4%         N/A       43%         3
 Portal Projectile        Hex/Tloc       8%         N/A       43%         3
 Cause Fear               Hex            3%         N/A       67%         4

Inventory:

Hand Weapons
 Y - a +1 sling (weapon)
Armour
 c - a +0 robe (worn)
Scrolls
 a - 3 scrolls of identify
 d - a scroll of noise {unknown}
 e - 2 scrolls of enchant armour
 f - a scroll of teleportation {unknown}
Potions
 b - a potion of magic {unknown}
 g - 2 potions of enlightenment {unknown}
 h - a potion of heal wounds
 i - 2 potions of cancellation {unknown}

Dungeon Overview and Level Annotations

Branches:
Dungeon (2/15)

Altars:

Annotations:
D:2 Natasha


Message History

Enter note:
Enter note:
Enter note:
808 ||| FLEEEEING.
Enter note:
Enter note:
Enter note:
Enter note:
Enter note:
Enter note:
809 ||| STILL FLEEEEING.
Enter note:
Enter note:
Enter note:
Enter note:
Enter note:
Enter note:
810 ||| STILL FLEEEEING.
Enter note:
Enter note:
Enter note:
Enter note:
Enter note:
Enter note: You shoot a sling bullet.
The sling bullet closely misses Natasha.
You shoot a sling bullet. The sling bullet hits Natasha.
Natasha is heavily wounded.
You shoot a sling bullet.
The sling bullet closely misses Natasha.
Natasha claws you.
You shoot a sling bullet.
The sling bullet closely misses Natasha.
Natasha mumbles some strange words.
You shoot a sling bullet. The sling bullet barely misses Natasha.
Natasha misses you.
The cerulean imp hits you from afar with a +2 spear.
You shoot a sling bullet. The sling bullet barely misses Natasha.
Natasha claws you. The cerulean imp closely misses you. Natasha claws you.
You die...

.............###.%##
........#..........####
....... #.............#
.......##.............#
....h.................# ###
.......##.............###..
###.### #..................
#.#####.h.5..........##..
........@..###........#..
#.####:##.## #...........
#.. #.# ##.......... ...#
#.# #..#.#...... ..##
#.####.##........ ###
#(#....###.##....
###...####...##.#..
###....#####.####....
##............####....


You could see Natasha and a cerulean imp (summoned).

Vanquished Creatures
  A worm (D:2)
  A dart slug (D:1)
  6 ball pythons (D:1)
  4 endoplasms
  4 giant cockroaches
  7 hobgoblins
  2 jackals (D:1)
  2 bats (D:1)
  2 frilled lizards (D:1)
  A goblin (D:1)
  5 rats
35 creatures vanquished.

Notes
Turn   | Place    | Note
-------+----------+-------------------------------------------
     0 | D:1      | qw the Gargoyle Hexslinger began the quest for the Orb.
     0 | D:1      | Reached XP level 1. HP: 12/12 MP: 2/2
     0 | D:1      | 0 ||| qw: Version: 0.3-a-46-gb1f654a
     0 | D:1      | 0 ||| qw: Game counter: 2804
     0 | D:1      | 0 ||| qw: Melee chars always use a shield: true
     0 | D:1      | 0 ||| qw: God list: Okawaru
     0 | D:1      | 0 ||| qw: Allow faded altars: false
     0 | D:1      | 0 ||| qw: Do Orc after clearing Dungeon:15 true
     0 | D:1      | 0 ||| qw: Do second Lair branch before Depths: true
     0 | D:1      | 0 ||| qw: Lair rune preference: random
     0 | D:1      | 0 ||| qw: Goals: Normal
     0 | D:1      | 0 ||| PLANNING D:1-11
    96 | D:1      | Reached XP level 2. HP: 16/16 MP: 3/3
   190 | D:1      | Reached skill level 3 in Ranged Weapons
   300 | D:1      | Reached XP level 3. HP: 21/21 MP: 4/4
   546 | D:1      | Found a faded altar of an unknown god.
   570 | D:1      | 570 ||| READING 2 scrolls labelled UHINYA CUAZUNI.
   571 | D:1      | 571 ||| READING 3 scrolls labelled KOYSEY JUWKESA.
   572 | D:1      | 572 ||| READING scroll labelled QEXUNW PUTWYDGH.
   573 | D:1      | 573 ||| DRINKING 2 golden potions.
   574 | D:1      | 574 ||| DROPPING scroll of poison.
   748 | D:2      | Identified the +6 dagger of Chagrin {elec, Str+3 Int-5
                  | SInv}
   803 | D:2      | Noticed Natasha
   806 | D:2      | 806 ||| FLEEEEING.
   807 | D:2      | 807 ||| FLEEEEING.
   808 | D:2      | 808 ||| FLEEEEING.
   816 | D:2      | HP: 1/21 [Natasha (5)]
   816 | D:2      | Slain by Natasha

Levels and vault maps discovered:
D:1:      nzn_arrival_settlement, layout_loops_ring, basic_ecumenical_altar,
          glass_columns_a, minmay_pentomino_q2
D:2:      layout_rooms, uniq_natasha

Skill      XL: |  1  2 |
---------------+-------+-----
Ranged Weapons | 3 |  3.5
Fighting       | 2 |  2.0
Dodging        | |  1.5
Spellcasting   | |  1.0
Hexes          | |  2.6

Action                     || total
---------------------------++-------
   Fire: Sling             ||    90
    Use: Scroll            ||     3
         Potion            ||     1
 Armour: Robe              ||     7
  Dodge: Dodged            ||    15

Table legend:
 A = Non-vault XP
 B = Vault XP
 C = Vault XP percentage of total XP
 D = Non-vault monster count
 E = Vault monster count
 F = Vault count percentage of total count
                 A         B        C        D         E       F
            +---------+---------+-------+---------+---------+-------
      Total |      61 |       3 |   4.7 |      33 |       2 |   5.7
            +---------+---------+-------+---------+---------+-------
        D:1 |      41 |       3 |   6.8 |      23 |       2 |   8.0
        D:2 |      20 |       0 |   0.0 |      10 |       0 |   0.0
            +---------+---------+-------+---------+---------+-------
